 Dungeon Crawl Stone Soup version 0.26.0-8-g74fc34ddfb (webtiles) character file.

Game seed: 16621535908826924269

14114 H0rd4k the Eclecticist (level 11, -2/54 HPs)
             Began as a Deep Elf Hedge Wizard on Jan 11, 2021.
             Slain by a merfolk siren
             ... wielding a +0 trident
              (15 damage)
             ... on level 3 of the Lair of Beasts on Jan 12, 2021.
             The game lasted 00:34:55 (18235 turns).

H0rd4k the Eclecticist (Deep Elf Hedge Wizard)     Turns: 18235, Time: 00:34:56

Health: -2/54      AC:  7    Str:  7    XL:     11   Next: 84%
Magic:  8/33       EV: 14    Int: 23    God:
Gold:   311        SH:  0    Dex: 14    Spells: 30/42 levels left

rFire    x . .     SeeInvis +   t - +1 dagger (venom)
rCold    + + .     Faith    .   (no shield)
rNeg     . . .     Spirit   .   A - +2 robe {rC+}
rPois    .         Reflect  .   C - +2 helmet {SInv}
rElec    .         Harm     +   b - scarf {harm}
rCorr    .         Rampage  .   (no gloves)
Will     ++...                  (no boots)
Stlth    +++.......             (no amulet)
HPRegen  0.18/turn              p - ring of willpower
MPRegen  0.23/turn              q - ring of ice

@: no status effects
A: no striking features
a: no special abilities


You were on level 3 of the Lair of Beasts.
You visited 4 branches of the dungeon, and saw 14 of its levels.

You collected 612 gold pieces.
You spent 301 gold pieces at shops.

Inventory:

Hand Weapons
 a - a +1 dagger
 t - a +1 dagger of venom (weapon)
Armour
 b - a scarf of harm (worn)
 c - a +0 hat
 A - a +2 robe of cold resistance (worn)
 C - a +2 helmet of see invisible (worn)
 I - a +0 hat of willpower
Jewellery
 p - a ring of willpower (left hand)
 q - a ring of ice (right hand)
 E - a +6 ring of strength
 H - a +6 ring of dexterity
Wands
 z - a wand of paralysis (8)
 D - a wand of polymorph (7)
 G - a wand of flame (16)
Scrolls
 f - 7 scrolls of remove curse
 g - 5 scrolls of magic mapping {unknown}
 h - 3 scrolls of enchant weapon
 i - a scroll of immolation {unknown}
 j - 4 scrolls of teleportation
 k - 2 scrolls of amnesia {unknown}
 o - 3 scrolls of enchant armour {unknown}
 r - a scroll of summoning {unknown}
 s - a scroll of silence {unknown}
 u - 2 scrolls of noise {unknown}
 w - 2 scrolls of fear {unknown}
 y - 2 scrolls of random uselessness {unknown}
 B - 5 scrolls of identify
 F - 2 scrolls of fog {unknown}
Potions
 d - a potion of brilliance
 e - a potion of berserk rage
 l - 2 potions of heal wounds
 m - 8 potions of curing
 n - a potion of ambrosia
 v - a potion of cancellation
 x - a potion of invisibility {unknown}


   Skills:
 + Level 4.6 Dodging
 + Level 4.3 Stealth
 + Level 16.2 Spellcasting
 + Level 10.8 Conjurations
 + Level 1.1 Summonings
 + Level 4.4 Translocations
 + Level 3.6 Fire Magic
 + Level 2.0 Air Magic
 * Level 7.7 Earth Magic
 + Level 2.3 Poison Magic


You had 30 spell levels left.
You knew the following spells:

 Your Spells              Type           Power        Failure   Level
a - Magic Dart            Conj           100%         1%          1
b - Blink                 Tloc           N/A          1%          2
c - Conjure Flame         Conj/Fire      51%          1%          3
d - Mephitic Cloud        Conj/Pois/Air  42%          1%          3
e - Stone Arrow           Conj/Erth      100%         1%          3

Your spell library contained the following spells:

 Spells                   Type           Power        Failure   Level
 Sandblast                Erth           100%         1%          1
 Passwall                 Tmut/Erth      30%          1%          2
 Animate Skeleton         Necr           36%          3%          1
 Pain                     Necr           72%          3%          1
 Call Imp                 Summ           23%          3%          2
 Lee's Rapid Deconstruct  Erth           26%          3%          5
 Slow                     Hex            18%          4%          2
 Petrify                  Tmut/Erth      36%          6%          4
 Vampiric Draining        Necr           9%           9%          3
 Animate Dead             Necr           9%           30%         4
 Agony                    Necr           18%          63%         5


Dungeon Overview and Level Annotations

Branches:
Dungeon (9/15)             Temple (1/1) D:7            Lair (3/6) D:9
 Shoals (0/4) Lair:3        Snake (0/4) Lair:2          Orc (1/2) D:9

Altars:
Ashenzari
Cheibriados
Dithmenos
Elyvilon
Fedhas
Gozag
Hepliaklqana
Kikubaaqudgha
Makhleb
Nemelex Xobeh
Okawaru
Qazlal
Ru
Sif Muna
Trog
Uskayaw
Wu Jian
Xom
Zin
The Shining One

Shops:
D:8 *   D:9 [

Annotations:
D:1 exclusion: downstairs
D:2 1 runed translucent door, exclusion: door, Crazy Yiuf
D:5 exclusion: downstairs
D:7 exclusion: upstairs, Harold
Lair:1 3 runed translucent doors, exclusions: 3 doors, downstairs and oklob plant, mojasp's ghost, journeyman OpDe
Lair:2 exclusion: 2 downstairs


Message History

The bullfrog croaks.
Casting: Stone Arrow (safe; 1% risk of failure)
Confirm with . or Enter, or press ? or * to list all spells.
Aiming: Stone Arrow (safe; 1% risk of failure)
Press: ? - help, Shift-Dir - straight line, f/p - merfolk
Aim: a merfolk, wielding a +0 trident (almost dead, 28% to evade)
The stone arrow hits the merfolk!!
You kill the merfolk!
You hear a splash.
The merfolk siren chants a haunting song.
You resist with almost no effort.
Casting: Stone Arrow (safe; 1% risk of failure)
Confirm with . or Enter, or press ? or * to list all spells.
Aiming: Stone Arrow (safe; 1% risk of failure)
Press: ? - help, Shift-Dir - straight line, f - merfolk siren
Aim: a merfolk siren, wielding a +0 trident (28% to evade)
The stone arrow hits the merfolk siren!
The merfolk siren is heavily wounded.
The merfolk siren hits you from afar with a +0 trident!
You die...

....# ...#
#.>≈ ...#
.#≈# ..
...# #.≈≈
... h..#
..m##.##
[..##
.≈.#..#
..h.# .m#.#
...##
...####...#
...#
.....F.@..#
hh.#
...###....#


hSh## ##...## <...# #....# ....# ##...## ...## #....## ....# ##....# ...##
#....# ...# #....# You could see 2 merfolk sirens and a bullfrog.

Vanquished Creatures
  Gastronok (Lair:2)
  A hydra (Lair:2)
  Pikel (D:4)
  An orc sorcerer (Orc:1)
  A black mamba (Lair:2)
  2 cane toads
  Maggie (Lair:1)
  A komodo dragon (Lair:1)
  2 trolls (D:9)
  2 merfolk (Lair:3)
  Sigmund (D:2)
  13 yaks
  A wyvern (D:9)
  Grum (Lair:1)
  A basilisk (Lair:2)
  Menkaure (D:7)
  4 nagas (Lair:2)
  A water moccasin (Lair:2)
  2 ice beasts
  5 orc warriors
  2 black bears
  3 phantoms
  9 ogres
  6 wolves
  A centaur (D:9)
  2 lemures (D:4)
  6 big kobolds
  7 bullfrogs
  A wyvern zombie (D:8)
  A wyvern skeleton (D:9)
  5 scorpions
  5 wights (D:8)
  4 electric eels (D:9)
  4 crimson imps (D:5)
  A quasit (D:5)
  2 bullfrog zombies
  2 jellies
  11 hounds
  4 centaur skeletons
  A bullfrog skeleton (D:7)
  An orc priest (D:6)
  A gnoll shaman (D:9)
  5 iguanas
  6 worker ants
  9 orc wizards
  Robin (D:1)
  14 gnolls
  A howler monkey zombie (D:9)
  15 adders
  2 white imps (D:5)
  An ufetubus (D:7)
  4 oozes
  An adder skeleton (D:9)
  A worm (D:4)
  3 dart slugs
  4 leopard geckos
  28 orcs
  7 bats
  4 giant cockroaches
  21 goblins
  12 hobgoblins
  13 jackals
  11 kobolds
  11 quokkas
  A ball python (D:3)
  2 frilled lizards (D:2)
  A giant cockroach zombie (D:5)
  A jackal zombie (D:7)
  7 rats
308 creatures vanquished.

Vanquished Creatures (others)
  A fungus (Lair:2)
  2 plants (Lair:2)
  4 toadstools (D:1)
7 creatures vanquished.

Grand Total: 315 creatures vanquished

Notes
Turn   | Place    | Note
-------+----------+-------------------------------------------
     0 | D:1      | H0rd4k the Deep Elf Hedge Wizard began the quest for the
                  | Orb.
     0 | D:1      | Reached XP level 1. HP: 10/10 MP: 7/7
   281 | D:1      | Reached skill level 5 in Spellcasting
   281 | D:1      | Reached XP level 2. HP: 15/15 MP: 2/10
  1320 | D:2      | Reached XP level 3. HP: 19/19 MP: 4/12
  1323 | D:2      | Learned a level 2 spell: Blink
  1327 | D:2      | Learned a level 3 spell: Conjure Flame
  1331 | D:2      | Learned a level 3 spell: Mephitic Cloud
  1671 | D:2      | Found a runed translucent door.
  1672 | D:2      | Noticed Crazy Yiuf
  1690 | D:2      | Noticed Robin
  2189 | D:2      | Noticed Sigmund
  2211 | D:2      | Killed Sigmund
  2212 | D:2      | Reached skill level 6 in Spellcasting
  2212 | D:2      | Reached skill level 1 in Fire Magic
  2212 | D:2      | Reached skill level 1 in Air Magic
  2212 | D:2      | Reached skill level 1 in Poison Magic
  2212 | D:2      | Reached XP level 4. HP: 24/24 MP: 3/14
  2212 | D:2      | Reached XP level 5. HP: 28/28 MP: 3/15
  2394 | D:2      | Found a sacrificial altar of Ru.
  2742 | D:2      | Found a bloodstained altar of Trog.
  3115 | D:1      | Killed Robin
  3531 | D:3      | Reached XP level 6. HP: 32/32 MP: 14/17
  4008 | D:3      | Found a burning altar of Makhleb.
  4057 | D:3      | Reached skill level 7 in Spellcasting
  5004 | D:4      | Noticed Pikel
  5029 | D:4      | Killed Pikel
  5030 | D:4      | Reached skill level 8 in Spellcasting
  5030 | D:4      | Reached XP level 7. HP: 31/36 MP: 12/21
  5033 | D:4      | Reached skill level 9 in Spellcasting
  5294 | D:4      | Reached XP level 8. HP: 41/41 MP: 10/23
  5458 | D:4      | Found a glowing golden altar of the Shining One.
  6007 | D:5      | Entered Level 5 of the Dungeon
  6550 | D:5      | Reached skill level 10 in Spellcasting
  6690 | D:5      | Reached skill level 5 in Conjurations
  6941 | D:5      | Found a shimmering altar of Xom.
  7607 | D:6      | Reached skill level 11 in Spellcasting
  8304 | D:7      | Noticed Harold
  8543 | D:6      | Reached XP level 9. HP: 45/45 MP: 18/26
  9120 | D:6      | Reached skill level 12 in Spellcasting
  9582 | D:6      | Found a bloodstained altar of Trog.
  9815 | D:7      | Noticed Menkaure
 10792 | D:8      | Found Zin's Purification Station.
 10945 | D:8      | Found a glowing silver altar of Zin.
 11218 | D:8      | Reached skill level 13 in Spellcasting
 11752 | D:7      | Killed Menkaure
 11833 | D:7      | Found a staircase to the Ecumenical Temple.
 11880 | D:7      | Reached XP level 10. HP: 50/50 MP: 14/29
 12393 | D:9      | Learned a level 3 spell: Stone Arrow
 12635 | D:9      | Reached skill level 1 in Earth Magic
 12946 | D:9      | Found a staircase to the Lair.
 13700 | D:9      | Found a broken altar of Ashenzari.
 13727 | D:9      | Found Onki Kee's Armour Boutique.
 13823 | D:9      | Bought a +2 helmet of see invisible for 301 gold pieces
 13891 | Temple   | Entered the Ecumenical Temple
 14134 | D:9      | Found a hazy altar of Hepliaklqana.
 14134 | D:9      | Found a broken altar of Ashenzari.
 14498 | D:9      | Found a staircase to the Orcish Mines.
 14545 | Lair:1   | Entered Level 1 of the Lair of Beasts
 14733 | D:9      | Reached skill level 14 in Spellcasting
 15312 | Orc:1    | Entered Level 1 of the Orcish Mines
 15312 | Orc:1    | Noticed an orc sorcerer
 15325 | Orc:1    | Killed an orc sorcerer
 15614 | Lair:1   | Noticed a cane toad
 15620 | Lair:1   | Killed a cane toad
 15776 | Lair:1   | Noticed Grum
 15781 | Lair:1   | Reached skill level 10 in Conjurations
 15790 | Lair:1   | Killed Grum
 15791 | Lair:1   | Reached XP level 11. HP: 54/54 MP: 15/31
 15794 | Lair:1   | Reached skill level 5 in Earth Magic
 15907 | Lair:1   | Found a runed translucent gate.
 15907 | Lair:1   | Found a runed translucent gate.
 15907 | Lair:1   | Found a runed translucent gate.
 15908 | Lair:1   | Noticed mojasp's ghost (journeyman OpDe)
 15908 | Lair:1   | Noticed a 12-headed hydra
 16072 | Lair:1   | Noticed Maggie
 16086 | Lair:1   | Killed Maggie
 16342 | Lair:1   | Noticed an oklob plant
 16623 | Lair:2   | Reached skill level 15 in Spellcasting
 16977 | Lair:2   | Upgraded the game from 0.26.0-7-g794d0892b4 to
                  | 0.26.0-8-g74fc34ddfb
 16979 | Lair:2   | Noticed a five-headed hydra
 17006 | Lair:2   | Killed a five-headed hydra
 17139 | Lair:2   | Noticed Gastronok
 17468 | Lair:2   | Found a staircase to the Snake Pit.
 17691 | Lair:2   | Killed Gastronok
 18029 | Lair:3   | Reached skill level 16 in Spellcasting
 18226 | Lair:3   | Found a staircase to the Shoals.
 18235 | Lair:3   | Slain by a merfolk siren

Illustrated notes

Levels and vault maps discovered:
D:1:      ldierk_walled_garden_2, layout_loops_corners
D:2:      layout_basic, lemuel_doored_altar, bloody_trog, uniq_robin,
          uniq_crazy_yiuf_cottage, uniq_sigmund
D:3:      layout_basic, bloody_makhleb
D:4:      layout_basic, nicolae_tso_carved_into_rock, uniq_pikel
D:5:      layout_loops_corners, led_xom_imps, serial_rivers,
          chequers_serial_rivers_small_3, chequers_serial_rivers_micro_c,
          chequers_serial_rivers_micro_d, chequers_serial_rivers_room_b,
          chequers_serial_rivers_small_a
D:6:      layout_basic, overflow_temple_1_default, minmay_ogre_servants
D:7:      layout_rooms, minmay_temple_entry_ruins, minmay_misc_feat_plants,
          st_stairs_12, minmay_statues_item, nrook_campfire, uniq_menkaure,
          uniq_harold
D:8:      layout_loops_ring, zin_purify
D:9:      layout_gridville, gammafunk_temple_overflow_elements,
          erik_lair_island, kennysheep_orc_monster_closet_entryway,
          serial_shops, shop, ashenzari_altar_1
Temple:   jpeg_temple_clearing
Lair:1:   layout_roguey, gammafunk_ghost_hydra_chop, minmay_holes, st_stairs_13,
          minmay_lair_oklob_chamber, grunt_megastairs_2, uniq_maggie, uniq_grum
Lair:2:   layout_cave_pods, guppyfry_snake_entry_island, uniq_gastronok
Lair:3:   layout_long_grid, elwin_shoals_entry_stream, serial_bayou_shore_b
Orc:1:    layout_caves, guppyfry_library_mini

Skill      XL: |  1  2  3  4  5  6  7  8  9 10 11 |
---------------+----------------------------------+-----
Spellcasting   | 5 6 8 9 11 13 14 16 | 16.2
Stealth        | 3 4 |  4.3
Conjurations   | 2 4 5 8 10 | 10.8
Fire Magic     | 1 2 3 |  3.6
Air Magic      | 1 2 |  2.0
Poison Magic   | 1 2 |  2.3
Dodging        | 3 4 |  4.6
Translocations | 2 3 4 |  4.4
Earth Magic    | 4 7 |  7.7
Summonings     | |  1.1

Action                   |  1- 3 |  4- 6 |  7- 9 | 10-12 || total
-------------------------+-------+-------+-------+-------++-------
Melee: Dagger            |    13 |     4 |       |     2 ||    19
 Cast: Magic Dart        |    89 |   149 |   504 |   156 ||   898
       Conjure Flame     |     3 |     8 |    32 |    15 ||    58
       Blink             |     2 |    11 |    14 |     7 ||    34
       Mephitic Cloud    |     1 |     5 |     8 |     8 ||    22
       Stone Arrow       |       |       |       |   148 ||   148
  Use: Potion            |     1 |       |       |       ||     1
       Scroll            |       |     5 |     6 |     2 ||    13
Armor: Robe              |     3 |     6 |    23 |     3 ||    35
       Skin              |     5 |       |       |       ||     5
Dodge: Dodged            |    11 |    28 |   117 |    50 ||   206
